TOP OF THE 1ST |
Detroit (APP) Tigers batting - Pitching for Seattle (APP) Mariners : LHP Adam Schmidt
|
Pitching: LHP Adam Schmidt
|
|
Batting: LHB Timotheus Young
|
0-0: Ground out 5-3 (Groundball, 5L, EV 100.0 MPH)
|
Batting: RHB Norm Wood
|
0-0: Bunted foul 0-1: Ball 1-1: Foul Ball, location: 2F 1-2: Fly out, F7 (Flyball, 7D, EV 83.8 MPH)
|
Batting: SHB Jean-Luc Legros
|
0-0: Ball 1-0: Fly out, F6 (Line Drive, 6, EV 70.6 MPH)
|
Top of the 1st over - 0 runs, 0 hits, 0 errors, 0 left on base; Detroit (APP) 0 - Seattle (APP) 0 |
BOTTOM OF THE 1ST |
Seattle (APP) Mariners batting - Pitching for Detroit (APP) Tigers : RHP Neel Verhelst
|
Pitching: RHP Neel Verhelst
|
|
Batting: RHB Heihachiro Fujita
|
0-0: Called Strike 0-1: Foul Ball, location: 2F 0-2: Ball 1-2: Ground out 5-3 (Groundball, 56S, EV 71.9 MPH)
|
Batting: RHB Julian Gregory
|
0-0: Swinging Strike 0-1: Foul Ball, location: 2F 0-2: Ball 1-2: Ball 2-2: Ball 3-2: Base on Balls
|
Batting: SHB Carlos Luna
|
0-0: Ball 1-0: Foul Ball, location: 2F 1-1: Ball 2-1: SINGLE (Line Drive, 9S, EV 97.5 MPH) Julian Gregory to second
|
Batting: RHB Ivan Davila
|
0-0: Ball 1-0: Fly out, F6 (Popup, 15, EV 79.4 MPH)
|
Batting: RHB Kinzo Yokoyama
|
0-0: Foul Ball, location: 2F 0-1: Ground out 5-3 (Groundball, 56S, EV 71.2 MPH)
|
Bottom of the 1st over - 0 runs, 1 hit, 0 errors, 2 left on base; Detroit (APP) 0 - Seattle (APP) 0 |
TOP OF THE 2ND |
Detroit (APP) Tigers batting - Pitching for Seattle (APP) Mariners : LHP Adam Schmidt
|
Batting: RHB German Quiroga
|
0-0: Foul Ball, location: 2F 0-1: Swinging Strike 0-2: Foul Ball, location: 2F 0-2: Strikes out looking
|
Batting: RHB Nate Dabney
|
0-0: Ball 1-0: SINGLE (Groundball, 6MD, EV 106.2 MPH)
|
Batting: LHB Afanasy Zasekin
|
0-0: Fielders Choice at 2nd, 4-6 (Groundball, 34, EV 83.8 MPH)
|
Batting: RHB Jose Evangelista
|
0-0: Ball 1-0: Ball 2-0: Ball 3-0: Base on Balls Afanasy Zasekin to second
|
Batting: RHB Kevin Steed
|
0-0: Foul Ball, location: 2F 0-1: Swinging Strike 0-2: Ball 1-2: Ball 2-2: Foul Ball, location: 2F 2-2: Foul Ball, location: 2F 2-2: Ground out 4-3 (Groundball, 4, EV 88.8 MPH)
|
Top of the 2nd over - 0 runs, 1 hit, 0 errors, 2 left on base; Detroit (APP) 0 - Seattle (APP) 0 |
BOTTOM OF THE 2ND |
Seattle (APP) Mariners batting - Pitching for Detroit (APP) Tigers : RHP Neel Verhelst
|
Batting: SHB Frank Amato
|
0-0: Ball 1-0: Ball 2-0: Fly out, F8 (Flyball, 78M, EV 91.2 MPH)
|
Batting: RHB Jim Begger
|
0-0: Ball 1-0: SINGLE (Groundball, 6MD, EV 107.5 MPH)
|
Batting: RHB Jwahir Pili
|
0-0: Called Strike Jim Begger is caught stealing 2nd base 2-4 0-1: Ball 1-1: Ball 2-1: Ground out 6-3 (Groundball, 6M, EV 108.1 MPH)
|
Bottom of the 2nd over - 0 runs, 1 hit, 0 errors, 0 left on base; Detroit (APP) 0 - Seattle (APP) 0 |
TOP OF THE 3RD |
Detroit (APP) Tigers batting - Pitching for Seattle (APP) Mariners : LHP Adam Schmidt
|
Batting: RHB Juan Acero
|
0-0: Called Strike 0-1: Swinging Strike 0-2: Foul Ball, location: 2F 0-2: Ball 1-2: Ball 2-2: Ball 3-2: Fly out, F2 (Popup, 25F, EV 83.1 MPH)
|
Batting: LHB Timotheus Young
|
0-0: Ball 1-0: Called Strike 1-1: Ball 2-1: Ground out 3-1 (Groundball, 34S, EV 91.2 MPH)
|
Batting: RHB Norm Wood
|
0-0: Foul Ball, location: 2F 0-1: Called Strike 0-2: Ball 1-2: Foul Ball, location: 2F 1-2: Foul Ball, location: 2F 1-2: Ball 2-2: Ball 3-2: Base on Balls
|
Batting: SHB Jean-Luc Legros
|
0-0: Called Strike Norm Wood is caught stealing 2nd base 2-4
|
Top of the 3rd over - 0 runs, 0 hits, 0 errors, 0 left on base; Detroit (APP) 0 - Seattle (APP) 0 |
BOTTOM OF THE 3RD |
Seattle (APP) Mariners batting - Pitching for Detroit (APP) Tigers : RHP Neel Verhelst
|
Batting: RHB David Greene
|
0-0: Ball 1-0: Ball 2-0: Called Strike 2-1: Ball 3-1: SINGLE (Groundball, 56, EV 101.9 MPH)
|
Batting: RHB Heihachiro Fujita
|
0-0: Called Strike David Greene steals 2nd base 0-1: Foul Ball, location: 2F 0-2: SINGLE (Flyball, 4MD, EV 94.4 MPH) David Greene to third
|
Batting: RHB Julian Gregory
|
0-0: Called Strike 0-1: Swinging Strike 0-2: SINGLE (Groundball, 34, EV 100.0 MPH) (infield hit) David Greene scores Heihachiro Fujita to second
|
Batting: SHB Carlos Luna
|
0-0: Called Strike 0-1: Called Strike 0-2: Foul Ball, location: 2F 0-2: Ball 1-2: Ground out 4-3 (Groundball, 34D, EV 106.2 MPH) Heihachiro Fujita to third Julian Gregory to second
|
Batting: RHB Ivan Davila
|
0-0: Foul Ball, location: 2F 0-1: Foul Ball, location: 2F 0-2: Ball 1-2: Strikes out swinging
|
Batting: RHB Kinzo Yokoyama
|
0-0: SINGLE (Groundball, 34D, EV 103.8 MPH) Heihachiro Fujita scores Julian Gregory to third Runner from 3rd tries for Home, SAFE, throw by RF to home
|
Batting: SHB Frank Amato
|
0-0: Ball 1-0: 2-RUN HOME RUN (Flyball, 89XD, EV 98.1 MPH), Distance : 389 ft
|
Pitching: RHP Matt Haberle
|
|
Batting: RHB Jim Begger
|
0-0: Ball 1-0: Called Strike 1-1: Called Strike 1-2: Strikes out swinging
|
Bottom of the 3rd over - 5 runs, 5 hits, 0 errors, 0 left on base; Detroit (APP) 0 - Seattle (APP) 5 |
TOP OF THE 4TH |
Detroit (APP) Tigers batting - Pitching for Seattle (APP) Mariners : LHP Adam Schmidt
|
Batting: SHB Jean-Luc Legros
|
0-0: Ball 1-0: Ball 2-0: Called Strike 2-1: Ball 3-1: Base on Balls
|
Batting: RHB German Quiroga
|
0-0: Grounds into double play, 4-6-3 (Groundball, 4, EV 91.2 MPH)
|
Batting: RHB Nate Dabney
|
0-0: Ground out 3-1 (Groundball, 34, EV 82.5 MPH)
|
Top of the 4th over - 0 runs, 0 hits, 0 errors, 0 left on base; Detroit (APP) 0 - Seattle (APP) 5 |
BOTTOM OF THE 4TH |
Seattle (APP) Mariners batting - Pitching for Detroit (APP) Tigers : RHP Matt Haberle
|
Batting: RHB Jwahir Pili
|
0-0: Ball 1-0: Swinging Strike 1-1: Called Strike 1-2: Strikes out looking
|
Batting: RHB David Greene
|
0-0: Foul Ball, location: 2F 0-1: Called Strike 0-2: Ball 1-2: Foul Ball, location: 2F 1-2: Foul Ball, location: 2F 1-2: Foul Ball, location: 2F 1-2: Strikes out swinging
|
Batting: RHB Heihachiro Fujita
|
0-0: Foul Ball, location: 2F 0-1: Foul Ball, location: 2F 0-2: Ball 1-2: Ground out 5-3 (Groundball, 56S, EV 68.1 MPH)
|
Bottom of the 4th over - 0 runs, 0 hits, 0 errors, 0 left on base; Detroit (APP) 0 - Seattle (APP) 5 |
TOP OF THE 5TH |
Detroit (APP) Tigers batting - Pitching for Seattle (APP) Mariners : LHP Adam Schmidt
|
Batting: LHB Afanasy Zasekin
|
0-0: Swinging Strike 0-1: Ball 1-1: Fly out, F8 (Flyball, 8RS, EV 87.5 MPH)
|
Batting: RHB Jose Evangelista
|
0-0: Ball 1-0: SINGLE (Flyball, 6D, EV 91.9 MPH)
|
Batting: RHB Kevin Steed
|
0-0: Ball 1-0: Foul Ball, location: 2F 1-1: Foul Ball, location: 2F 1-2: Strikes out looking
|
Batting: RHB Juan Acero
|
0-0: Ball 1-0: Swinging Strike 1-1: Swinging Strike 1-2: Strikes out swinging
|
Top of the 5th over - 0 runs, 1 hit, 0 errors, 1 left on base; Detroit (APP) 0 - Seattle (APP) 5 |
BOTTOM OF THE 5TH |
Seattle (APP) Mariners batting - Pitching for Detroit (APP) Tigers : RHP Matt Haberle
|
Batting: RHB Julian Gregory
|
0-0: Foul Ball, location: 2F 0-1: Called Strike 0-2: Strikes out swinging
|
Batting: SHB Carlos Luna
|
0-0: Called Strike 0-1: Fly out, F9 (Flyball, 9S, EV 81.9 MPH)
|
Batting: RHB Ivan Davila
|
0-0: Swinging Strike 0-1: Foul Ball, location: 2F 0-2: Strikes out swinging
|
Bottom of the 5th over - 0 runs, 0 hits, 0 errors, 0 left on base; Detroit (APP) 0 - Seattle (APP) 5 |
TOP OF THE 6TH |
Detroit (APP) Tigers batting - Pitching for Seattle (APP) Mariners : LHP Adam Schmidt
|
Batting: LHB Timotheus Young
|
0-0: Ball 1-0: Ball 2-0: Ball 3-0: Called Strike 3-1: Base on Balls
|
Batting: RHB Norm Wood
|
0-0: Ball 1-0: Ball 2-0: Ball 3-0: Called Strike 3-1: Base on Balls Timotheus Young to second
|
Batting: SHB Jean-Luc Legros
|
0-0: Grounds into double play, 4-6-3 (Groundball, 4MD, EV 100.0 MPH) Timotheus Young to third
|
Batting: RHB German Quiroga
|
0-0: Ground out 4-3 (Groundball, 4, EV 80.6 MPH)
|
Top of the 6th over - 0 runs, 0 hits, 0 errors, 1 left on base; Detroit (APP) 0 - Seattle (APP) 5 |
BOTTOM OF THE 6TH |
Seattle (APP) Mariners batting - Pitching for Detroit (APP) Tigers : RHP Matt Haberle
|
Batting: RHB Kinzo Yokoyama
|
0-0: Ball 1-0: Ground out 6-3 (Groundball, 6S, EV 88.8 MPH)
|
Batting: SHB Frank Amato
|
0-0: Ball 1-0: Ball 2-0: Ball 3-0: Called Strike 3-1: Ground out 6-3 (Groundball, 6M, EV 85.0 MPH)
|
Batting: RHB Jim Begger
|
0-0: Ball 1-0: Ball 2-0: Called Strike 2-1: Ground out U3 (Groundball, 3L, EV 103.8 MPH)
|
Bottom of the 6th over - 0 runs, 0 hits, 0 errors, 0 left on base; Detroit (APP) 0 - Seattle (APP) 5 |
TOP OF THE 7TH |
Detroit (APP) Tigers batting - Pitching for Seattle (APP) Mariners : LHP Adam Schmidt
|
Batting: RHB Nate Dabney
|
0-0: Called Strike 0-1: Fly out, F7 (Flyball, 78M, EV 79.4 MPH)
|
Batting: LHB Afanasy Zasekin
|
0-0: Swinging Strike 0-1: Foul Ball, location: 2F 0-2: Strikes out swinging
|
Batting: RHB Jose Evangelista
|
0-0: Ball 1-0: Ball 2-0: Ball 3-0: Called Strike 3-1: Base on Balls
|
Batting: RHB Kevin Steed
|
0-0: Called Strike 0-1: Ball 1-1: SINGLE (Groundball, 6MD, EV 101.9 MPH) Jose Evangelista to second
|
Batting: RHB Juan Acero
|
0-0: Ball 1-0: Foul Ball, location: 2F 1-1: Ball 2-1: Foul Ball, location: 2F 2-2: Foul Ball, location: 2F 2-2: Fielders Choice at 2nd, 4-6 (Groundball, 6M, EV 102.5 MPH)
|
Top of the 7th over - 0 runs, 1 hit, 0 errors, 2 left on base; Detroit (APP) 0 - Seattle (APP) 5 |
BOTTOM OF THE 7TH |
Seattle (APP) Mariners batting - Pitching for Detroit (APP) Tigers : RHP Matt Haberle
|
Pitching: RHP Bert Hernandez
|
|
Batting: RHB Jwahir Pili
|
0-0: Ground out 6-3 (Groundball, 6, EV 86.2 MPH)
|
Batting: RHB David Greene
|
0-0: Ground out U3 (Groundball, 34S, EV 88.1 MPH)
|
Batting: RHB Heihachiro Fujita
|
0-0: Ball 1-0: Foul Ball, location: 2F 1-1: Called Strike 1-2: SINGLE (Flyball, 4MD, EV 88.1 MPH)
|
Batting: RHB Julian Gregory
|
0-0: Called Strike 0-1: Ball 1-1: Called Strike Heihachiro Fujita is caught stealing 2nd base 2-4
|
Bottom of the 7th over - 0 runs, 1 hit, 0 errors, 0 left on base; Detroit (APP) 0 - Seattle (APP) 5 |
TOP OF THE 8TH |
Detroit (APP) Tigers batting - Pitching for Seattle (APP) Mariners : LHP Adam Schmidt
|
Pitching: RHP Frank Cabrera
|
|
Batting: LHB Timotheus Young
|
0-0: Called Strike 0-1: Ball 1-1: SINGLE (Groundball, 6MD, EV 105.6 MPH)
|
Batting: RHB Norm Wood
|
0-0: Called Strike 0-1: Fly out, F9 (Flyball, 9D, EV 97.5 MPH)
|
Batting: SHB Jean-Luc Legros
|
0-0: Ball 1-0: Ball 2-0: Foul Ball, location: 2F 2-1: Fielders Choice at 2nd, U6 (Groundball, 4M, EV 84.4 MPH)
|
Batting: RHB German Quiroga
|
0-0: Ball 1-0: Ball 2-0: Ball 3-0: Called Strike 3-1: SINGLE (Groundball, 4MD, EV 105.6 MPH) Jean-Luc Legros to second
|
Batting: RHB Nate Dabney
|
0-0: 3-RUN HOME RUN (Flyball, 78XD, EV 101.2 MPH), Distance : 421 ft
|
Pitching: RHP Bill Porter
|
|
Batting: LHB Afanasy Zasekin
|
0-0: Ball 1-0: Swinging Strike 1-1: Ball 2-1: Foul Ball, location: 2F 2-2: SINGLE (Flyball, 78S, EV 91.9 MPH)
|
Batting: RHB Jose Evangelista
|
0-0: Ball 1-0: Called Strike 1-1: Called Strike 1-2: Fly out, F9 (Flyball, 9, EV 90.0 MPH)
|
Top of the 8th over - 3 runs, 4 hits, 0 errors, 1 left on base; Detroit (APP) 3 - Seattle (APP) 5 |
BOTTOM OF THE 8TH |
Seattle (APP) Mariners batting - Pitching for Detroit (APP) Tigers : RHP Bert Hernandez
|
Batting: RHB Julian Gregory
|
0-0: Called Strike 0-1: Ball 1-1: Called Strike 1-2: Foul Ball, location: 2F 1-2: Ball 2-2: Ground out 4-3 (Groundball, 4, EV 80.0 MPH)
|
Batting: SHB Carlos Luna
|
0-0: Called Strike 0-1: Ball 1-1: Ball 2-1: SINGLE (Line Drive, 56D, EV 108.8 MPH)
|
Batting: RHB Ivan Davila
|
0-0: Ball 1-0: Ball 2-0: Ball 3-0: Base on Balls Carlos Luna to second
|
Batting: RHB Kinzo Yokoyama
|
0-0: Ball 1-0: Ball 2-0: Called Strike 2-1: Foul Ball, location: 2F 2-2: Ball 3-2: Foul Ball, location: 2F 3-2: Base on Balls Carlos Luna to third Ivan Davila to second
|
Batting: SHB Frank Amato
|
0-0: Called Strike 0-1: Fly out, F7 (Flyball, 7, EV 88.8 MPH) Runner from 3rd tags up, SCORES, throw by LF Ivan Davila to third
|
Batting: RHB Jim Begger
|
0-0: Ground out 6-3 (Groundball, 56, EV 103.8 MPH)
|
Bottom of the 8th over - 1 run, 1 hit, 0 errors, 2 left on base; Detroit (APP) 3 - Seattle (APP) 6 |
TOP OF THE 9TH |
Detroit (APP) Tigers batting - Pitching for Seattle (APP) Mariners : RHP Bill Porter
|
Batting: RHB Kevin Steed
|
0-0: Foul Ball, location: 2F 0-1: Foul Ball, location: 2F 0-2: Ground out 4-3 (Groundball, 4M, EV 83.8 MPH)
|
Batting: RHB Juan Acero
|
0-0: Ball 1-0: Foul Ball, location: 2F 1-1: Called Strike 1-2: Ball 2-2: Foul Ball, location: 2F 2-2: Foul Ball, location: 2F 2-2: Ball 3-2: SINGLE (Line Drive, 8RS, EV 90.0 MPH)
|
Pitching: LHP Chris Wheeler
|
|
Pinch Hitting: RHB Yasutaka Yamasaki
|
0-0: Called Strike 0-1: Foul Ball, location: 2F 0-2: Strikes out looking
|
Batting: RHB Norm Wood
|
0-0: Ball 1-0: Called Strike 1-1: DOUBLE (Flyball, 89D, EV 98.1 MPH) Juan Acero to third
|
Batting: SHB Jean-Luc Legros
|
0-0: Foul Ball, location: 2F 0-1: Ground out 6-3 (Groundball, 6, EV 101.9 MPH)
|
Top of the 9th over - 0 runs, 2 hits, 0 errors, 2 left on base; Detroit (APP) 3 - Seattle (APP) 6 |
|